 Dungeon Crawl Stone Soup version 0.30-a0-40-gc6d0f036a7 (webtiles) character file.

Game seed: 2345902846750465548

21 ytrimaz the Insei (level 2, 18/18 HPs)
             Began as an Octopode Transmuter on Aug 30, 2022.
             Quit the game on level 1 of the Dungeon.
             The game lasted 00:01:15 (836 turns).

ytrimaz the Insei (Octopode Transmuter)              Turns: 836, Time: 00:01:15

Health: 18/18      AC:  1    Str:  9    XL:     2   Next: 87%
Magic:  5/5        EV: 13    Int: 15    God:
Gold:   24         SH:  0    Dex: 12    Spells: 2/5 levels left

rFire   . . .      SeeInvis .      - Unarmed
rCold   . . .      Faith    .    (no shield)
rNeg    . . .      Spirit   .    (helmet restricted)
rPois   .          Reflect  .    (no amulet)
rElec   .          Harm     .    (no ring)
rCorr   .          Rampage  .    (no ring)
Will    .....                    (no ring)
Stlth   ++........               (no ring)
HPRegen 0.06/turn                (no ring)
MPRegen 0.09/turn                (no ring)
                                 (no ring)
                                 (no ring)

@: no status effects
A: almost no armour, amphibious, 8 rings, camouflage 1, gelatinous body 1,
(nimble swimmer 1), tentacles
a: no special abilities


You were on level 1 of the Dungeon.
You visited 1 branch of the dungeon, and saw 1 of its levels.

You collected 24 gold pieces.

Inventory:

Scrolls
 b - a scroll of fog {unknown}
 c - a scroll of teleportation {unknown}
 d - a scroll of amnesia {unknown}
Potions
 a - 2 potions of lignification
 e - a potion of curing {unknown}


   Skills:
 - Level 1.0 Fighting
 - Level 2.0 Dodging
 + Level 4.0 Unarmed Combat
 - Level 2.0 Spellcasting
 - Level 2.0 Transmutations


You had 2 spell levels left.
You knew the following spells:

 Your Spells              Type           Power      Damage    Failure   Level
a - Beastly Appendage     Tmut           14%        N/A       10%         1
b - Wereblood             Tmut           7%         N/A       14%         2

Your spell library contained the following spells:

 Spells                   Type           Power      Damage    Failure   Level
 Spider Form              Tmut/Pois      4%         N/A       41%         3
 Ice Form                 Ice/Tmut       4%         N/A       82%         4


Dungeon Overview and Level Annotations

Branches:
Dungeon (1/15)

Altars:

Shops:
D:1 [


Innate Abilities, Weirdness & Mutations

You cannot wear most types of armour.
You are amphibious.
You can wear up to eight rings at the same time.
Your skin changes colour to match your surroundings (Stealth+).
Your rubbery body absorbs attacks. (AC +1, EV +1)
((You are camouflaged when in or above water. (Stealth+)))
You have tentacles for arms and can constrict up to eight enemies at once.


Message History

You open the door.
A kobold comes into view. It is wielding a +0 dagger.
Found a ruby potion.
Danger!
There is an open door here.
One of your tentacles grows a vicious spike.
Unknown command.
The helpless kobold fails to defend itself.
You tentacle-slap the kobold.
You kill the kobold!
Your Unarmed Combat skill increases to level 4!
No target in view!
Your transformation is almost over.
e - a ruby potion Your tentacle spike disappears.
There is an open door here.
There is an open door here.
You open the door.
There is an open door here.
A giant cockroach comes into view.
Danger!
One of your tentacles grows a vicious spike.
Found 10 gold pieces.
The giant cockroach bites you.
You barely miss the giant cockroach. Your grab misses the giant cockroach.
Your squeeze misses the giant cockroach.
The giant cockroach bites you.
You tentacle-slap the giant cockroach.
You kill the giant cockroach!
No target in view!
No target in view!
Your transformation is almost over.
Your tentacle spike disappears.
You now have 24 gold pieces (gained 10).
There is an open door here.
You open the door.
There is an open door here.
A quokka comes into view.
Danger!
But you're not safe!
Are you sure you want to abandon this character and quit the game? (Confirm with "yes".)

##.##..###.##.. #.
#..###.##.# .
#......##.. #
##'######.. ##...## #..
# ## ##.....## #..
#.#.# ##.......###..
#.#...####)........##..
#....@..'.........'...
#.....####.........###.
#.##.# ##.......## #.
..# ##.....## ## .#r
##...## # P ####'## #
#.....# #.##.†#######
#.##.........


You could see a quokka (asleep).

Vanquished Creatures
  2 dart slugs (D:1)
  4 endoplasms (D:1)
  A giant cockroach (D:1)
  3 hobgoblins (D:1)
  2 ball pythons (D:1)
  A bat (D:1)
  A frilled lizard (D:1)
  A kobold (D:1)
  2 rats (D:1)
17 creatures vanquished.

Notes
Turn   | Place    | Note
-------+----------+-------------------------------------------
     0 | D:1      | ytrimaz the Octopode Transmuter began the quest for the
                  | Orb.
     0 | D:1      | Reached XP level 1. HP: 13/13 MP: 3/3
    10 | D:1      | Found a faded altar of an unknown god.
    13 | D:1      | Found Cofanywi's Armour Emporium.
   280 | D:1      | Reached XP level 2. HP: 18/18 MP: 3/5
   433 | D:1      | Learned a level 2 spell: Wereblood
   697 | D:1      | Reached skill level 4 in Unarmed Combat
   836 | D:1      | Quit the game

Illustrated notes

Levels and vault maps discovered:
D:1:      eino_arrival_tree_alley, layout_loops_corners, serial_shops, shop,
          chequers_ecumenical_altar_simple, grunt_decor_arrowhead,
          minmay_shallow_snake_nest

Skill      XL: |  1  2 |
---------------+-------+-----
Unarmed Combat | 4 |  4.0
Fighting       | |  1.0
Dodging        | |  2.0
Spellcasting   | |  2.0
Transmutations | |  2.0

Action                   || total
-------------------------++-------
Melee: Unarmed           ||    35
       Tentacles         ||     6
       Constrict         ||     5
       Kick              ||     3
       Punch             ||     1
 Cast: Beastly Appendage ||     9
 Stab: Sleeping          ||     7
Armor: Skin              ||     1
Dodge: Dodged            ||    18

Table legend: (Time is in decaauts)
 A = Elapsed time spent in this place.
 B = Non-inter-level travel time spent in this place.
 C = Inter-level travel time spent in this place.
 D = Time resting spent in this place.
 E = Time spent auto-exploring this place.
 F = Levels seen in this place.
 G = Mean time per level.
                   A        B        C        D        E       F      G
               +--------+--------+--------+--------+--------+-----+--------+
         Total |    834 |    834 |      0 |      0 |    700 |   1 |  834.0 |
       Dungeon |    834 |    834 |      0 |      0 |    700 |   1 |  834.0 |
               +--------+--------+--------+--------+--------+-----+--------+

Top non-repeatable levels by time:
     D:1: 834 daAuts
